Map: New Gettysburg LE

Players

Fropez - Winner!

  • Race: Protoss Protoss
  • League: Gold
  • Spawn Location: 5:00

RICE

  • Race: Terran Terran
  • Spawn Location: 7:00

VOD

Have the link to the VOD?

Description

Time

  • Played on: Oct. 2, 2016, 8:53 p.m.
  • Length: 22:57
Show
View Real Time Build Order
Export as new Build Order

Fropez Protoss - Winner!

Build Orders: 1 Gate Expand 

Get SALT Encoding   

  12  0:01  Probe (Chrono Boost)  
  13  0:19  Pylon  
  13  0:20  Probe (Chrono Boost)  
  14  0:31  Probe (Chrono Boost)  
  15  0:39  Gateway  
  15  0:41  Probe (Chrono Boost)  
  16  0:49  Assimilator  
  16  0:52  Probe (Chrono Boost)  
  17  1:02  Pylon  
  17  1:07  Probe (Chrono Boost)  
  18  1:18  Probe (Chrono Boost)  
  19  1:36  Nexus  
  19  1:39  Probe (Chrono Boost)  
  20  1:50  Probe (Chrono Boost)  
  21  1:58  Cybernetics Core  
  21  2:01  Probe (Chrono Boost)  
  21  2:08  Assimilator  
  21  2:11  Probe (Chrono Boost)  
  22  2:22  Probe (Chrono Boost)  
  23  2:34  Adept  
  25  2:42  Pylon  
  25  2:46  Warp Gate (Chrono Boost)  
  25  2:47  Pylon  
  25  2:48  Mothership Core (Chrono Boost)  
  25  2:51  Probe  
  27  3:01  Probe  
  28  3:05  Adept  
  30  3:15  Twilight Council  
  30  3:22  Pylon  
  30  3:24  Probe  
  31  3:27  Probe  
  31  3:32  Adept  
  34  3:36  Probe, Gateway  
  35  3:46  Probe  
  36  3:51  Resonating Glaives  
  36  3:57  Probe  
  36  3:59  Robotics Facility  
  37  4:04  Probe  
  38  4:11  Probe  
  38  4:16  Probe  
  39  4:20  Gateway  
  39  4:23  Probe  
  41  4:29  Probe  
  42  4:38  Probe  
  43  4:39  Gateway  
  43  4:41  Adept  
  43  4:42  Adept  
  47  5:17  Adept x2  
  47  5:20  Probe  
  50  5:21  Warp Prism (Chrono Boost)  
  50  5:26  Probe  
  53  5:32  Probe  
  53  5:35  Assimilator  
  54  5:37  Probe  
  55  5:44  Probe  
  56  5:50  Probe  
  56  5:56  Probe  
  58  6:08  Nexus  
  58  6:12  Pylon  
  58  6:15  Pylon  
  58  6:23  Adept x2  
  62  6:30  Probe  
  62  6:31  Pylon, Probe  
  64  6:34  Pylon  
  64  6:37  Gateway  
  64  6:39  Gateway x2  
  64  6:45  Gateway  
  64  6:48  Probe  
  64  6:50  Probe  
  66  6:57  Adept x3  
  66  6:58  Adept  
  72  7:20  Probe  
  72  7:21  Probe  
  72  7:22  Probe  
  71  7:33  Pylon  
  71  7:34  Immortal (Chrono Boost)  
  71  7:35  Adept x2  
  71  7:36  Adept x2, Pylon  
  79  7:45  Probe  
  79  7:46  Probe  
  81  7:58  Probe x2  
  81  7:59  Probe  
  81  8:02  Adept x7  
  98  8:08  Probe  
  99  8:14  Probe  
  99  8:15  Probe  
  99  8:16  Forge  
  99  8:19  Forge  
  105  8:20  Immortal (Chrono Boost)  
  105  8:25  Pylon  
  93  8:50  Probe  
  93  8:51  Probe  
  95  8:58  Immortal (Chrono Boost)  
  99  9:04  Assimilator  
  99  9:09  Assimilator  
  99  9:11  Nexus  
  99  9:12  Probe  
  99  9:13  Probe  
  101  9:49  Adept x5  
  101  9:50  Adept x2  
  93  10:01  Probe  
  93  10:02  Probe  
  93  10:09  Probe  
  93  10:11  Pylon x2  
  93  10:12  Adept x5, Pylon, Probe  
  93  10:13  Adept x2  
  107  10:15  Probe  
  107  10:17  Pylon  
  107  10:19  Probe  
  99  10:22  Probe  
  100  10:34  Adept x4  
  100  10:35  Adept x3  
  110  10:56  Probe  
  102  10:57  Probe  
  102  10:59  Adept x5  
  102  11:00  Adept x2  
  122  11:04  Immortal (Chrono Boost)  
  122  11:10  Probe  
  114  11:11  Probe  
  114  11:13  Protoss Ground Weapons Level 1, Protoss Ground Armor Level 1  
  108  11:26  Nexus  
  108  11:28  Assimilator, Gateway x2  
  108  11:31  Dark Shrine  
  108  11:33  Assimilator  
  108  11:35  Pylon, Stalker x7  
  108  11:37  Pylon  
  122  11:49  Probe  
  123  12:15  Adept x4  
  127  12:16  Adept x2  
  135  12:26  Immortal (Chrono Boost)  
  135  12:28  Blink  
  139  12:38  Probe  
  139  12:39  Probe  
  139  12:44  Pylon  
  141  12:47  Pylon  
  141  12:48  Pylon  
  141  12:50  Adept x7  
  155  13:00  Observer (Chrono Boost)  
  156  13:25  Adept x2  
  156  13:26  Adept x5  
  170  13:40  Gateway  
  164  13:41  Gateway  
  152  14:01  Adept x4  
  152  14:02  Adept x5  
  160  14:11  Protoss Ground Armor Level 2, Protoss Ground Weapons Level 2  
  158  14:32  Nexus  
  158  14:36  Assimilator  
  158  14:37  Probe  
  158  14:38  Probe, Assimilator  
  159  14:41  Pylon  
  159  14:43  Pylon  
  158  15:17  Adept x5  
  158  15:18  Adept x3  
  160  15:29  Stargate x2  
  160  15:30  Probe  
  160  15:31  Probe, Stargate  
  160  15:32  Probe  
  157  15:40  Dark Templar x4  
  157  15:41  Dark Templar x3  
  163  16:26  Adept x2  
  163  16:27  Adept x6  
  163  16:28  Adept x2  
  159  17:12  Warp Prism (Chrono Boost)  
  157  17:23  Zealot x3  
  157  17:24  Zealot x6, Fleet Beacon  
  157  17:25  Zealot x2  
  177  17:50  Nexus  
  177  17:52  Assimilator  
  177  17:56  Assimilator, Charge (Chrono Boost)  
  177  17:59  Pylon  
  177  18:01  Pylon  
  177  18:05  Protoss Ground Weapons Level 3 (Chrono Boost), Protoss Ground Armor Level 3 (Chrono Boost)  
  171  18:11  Nexus  
  155  18:16  Stalker x3  
  155  18:17  Stalker x6  
  155  18:18  Stalker x2  
  177  18:21  Nexus  
  177  18:24  Pylon  
  177  18:25  Pylon  
  177  18:29  Assimilator  
  177  18:30  Assimilator  
  175  18:51  Adept x3  
  175  18:52  Adept x7  
  175  18:53  Adept  
  176  19:22  Adept x4  
  176  19:23  Adept x6  
  176  19:24  Adept  
  139  20:12  Dark Templar x4  
  139  20:13  Dark Templar x2  
  145  20:16  Zealot x2  
  145  20:17  Zealot x3  
  147  20:46  Zealot x6  
  147  20:47  Zealot x5  
  167  21:07  Stalker x3  
  167  21:08  Stalker x6  
  167  21:09  Stalker x2  
  189  21:14  Probe x2  
  181  21:53  Adept x5  
  181  21:54  Adept x4  
  199  22:09  Gateway  
  199  22:10  Gateway  
  199  22:11  Gateway  
  199  22:13  Gateway  
  199  22:16  Gateway  
  199  22:18  Gateway  
  197  22:32  Assimilator  
  197  22:36  Assimilator  
  187  22:50  Zealot x4  
  187  22:51  Zealot x2  
Show
View Real Time Build Order
Export as new Build Order

RICE Terran 

Build Orders: MMM Bio 

Get SALT Encoding   

  12  0:01  SCV  
  13  0:13  SCV  
  14  0:19  Supply Depot  
  14  0:25  SCV  
  15  0:30  Refinery  
  15  0:42  Barracks  
  15  0:45  SCV  
  16  0:57  SCV  
  16  1:00  Supply Depot  
  17  1:18  SCV  
  18  1:28  Marine  
  19  1:35  Factory  
  19  1:37  SCV  
  20  1:49  SCV  
  21  2:00  Marine  
  22  2:08  Command Center  
  22  2:14  Refinery  
  22  2:16  SCV  
  23  2:24  Factory Tech Lab  
  23  2:32  Marine  
  23  2:36  Barracks  
  24  2:40  SCV  
  25  2:57  SCV  
  25  2:58  Marine  
  26  3:01  Siege Tank  
  30  3:09  SCV  
  31  3:19  Marine  
  32  3:21  SCV  
  32  3:25  Barracks Reactor  
  33  3:32  Refinery, Barracks  
  33  3:40  Orbital Command  
  33  3:51  SCV  
  34  3:56  Siege Tank  
  34  3:59  Barracks Tech Lab  
  37  4:03  SCV  
  37  4:04  Marine  
  37  4:05  Marine  
  40  4:14  SCV  
  41  4:17  Orbital Command  
  40  4:41  SCV  
  40  4:44  Barracks Tech Lab  
  40  4:45  Marine x2, Marauder  
  45  4:47  Stimpack  
  46  4:52  SCV  
  46  5:29  Supply Depot  
  46  5:32  Combat Shields  
  46  5:34  Supply Depot  
  46  5:38  Engineering Bay  
  46  5:40  Armory  
  46  5:50  Marine  
  46  5:51  Siege Tank, Marauder x2  
  46  5:55  Marine, SCV x2  
  57  6:07  Supply Depot  
  57  6:08  Marine, SCV x2  
  57  6:09  Terran Infantry Weapons Level 1  
  60  6:12  Marauder  
  62  6:20  Starport  
  62  6:28  Marine, SCV x2, Siege Tank  
  62  6:29  Marauder  
  70  6:50  Command Center  
  70  6:53  Concussive Shells  
  70  7:13  SCV  
  70  7:14  Marine x2  
  70  7:15  SCV  
  69  7:25  SCV  
  70  7:30  SCV  
  70  7:45  Liberator  
  70  7:46  Refinery  
  70  7:47  Supply Depot  
  70  7:50  Supply Depot  
  70  7:55  Supply Depot  
  70  7:59  Terran Vehicle Weapons Level 1  
  70  8:02  Marine x2, SCV x2, Siege Tank, Marauder x2  
  70  8:03  SCV, Terran Infantry Armor Level 1  
  85  8:10  Supply Depot  
  85  8:20  Marine x2  
  85  8:24  Marauder x2  
  91  8:28  Liberator  
  91  8:34  Siege Tank  
  79  8:50  Marine, Marauder x2  
  79  8:51  Marine  
  81  9:00  Supply Depot  
  81  9:27  Medivac  
  83  9:43  Marine x2, Marauder x2  
  77  10:00  Marine  
  65  10:18  Marine x2, Marauder x2  
  65  10:19  SCV x2  
  73  10:23  Planetary Fortress  
  73  10:34  Barracks  
  73  10:35  Barracks  
  73  10:37  Barracks  
  73  10:38  Barracks x2  
  73  10:39  SCV x2  
  73  10:41  Barracks  
  71  11:06  Marine x2, Marauder  
  68  11:23  Marine  
  68  11:24  Marine, Orbital Command  
  70  11:27  Marauder  
  72  11:46  Barracks Tech Lab  
  72  11:47  Barracks Reactor x4, Barracks Tech Lab x2  
  66  11:49  Viking  
  66  11:53  SCV x2  
  70  11:55  SCV  
  71  12:05  SCV  
  72  12:14  Siege Tank  
  75  12:16  SCV x2  
  75  12:18  SCV  
  75  12:19  Viking  
  75  12:21  Marine  
  75  12:22  Marauder x2, Refinery  
  87  12:23  Marauder  
  87  12:25  Barracks Tech Lab  
  87  12:26  Terran Infantry Weapons Level 2  
  87  12:31  Engineering Bay  
  87  12:49  Viking  
  89  12:59  Supply Depot  
  87  13:22  Marauder x2  
  87  13:23  Marine x5, Marauder x2  
  96  13:27  Ghost Academy  
  96  13:31  Supply Depot  
  88  14:11  Marauder, Ghost x2  
  88  14:12  Marine x4, Marauder x2  
  88  14:13  Marine  
  88  14:16  SCV  
  88  14:17  SCV x2  
  96  14:32  Ghost  
  96  14:33  Marauder x2  
  96  14:34  Marine x2  
  96  14:37  Starport Reactor  
  104  14:39  Ghost  
  104  14:40  Ghost  
  104  14:43  Terran Infantry Weapons Level 3  
  104  14:44  SCV x2  
  110  14:51  Siege Tank  
  113  14:53  Refinery  
  113  14:55  Marauder  
  112  15:34  SCV  
  112  15:35  SCV x2  
  115  15:46  Medivac x2  
  115  15:48  Marauder x2, Ghost x2  
  115  15:49  Marine x5  
  131  15:50  Marine  
  133  16:21  Marine x2, SCV  
  133  16:26  Missile Turret x2  
  133  16:30  Marine, SCV x2, Missile Turret  
  81  16:52  Missile Turret  
  81  16:57  Marine x3, Marauder x2  
  84  17:23  Terran Infantry Armor Level 2  
  83  17:32  Marine, Marauder, Ghost x3, Starport Tech Lab  
  83  17:33  Marine x4  
  83  17:34  Marine x4  
  99  17:40  SCV x2  
  99  17:41  SCV  
  102  17:50  Marine x2  
  102  17:51  Marine x2  
  105  17:52  SCV  
  105  17:53  SCV  
  105  17:54  Refinery  
  105  17:56  Refinery  
  105  17:57  Missile Turret  
  99  18:16  SCV x2  
  99  18:17  SCV  
  102  18:21  Marine x2, Marauder x2  
  102  18:25  Missile Turret  
  107  18:28  Marine x3, Marauder x2  
  114  18:38  Marine  
  114  18:39  Marine x4, Marauder  
  121  18:42  Marauder  
  121  18:48  Marine x2, Marauder  
  125  18:49  Marine, Ghost  
  125  18:50  Marauder  
  125  18:55  SCV  
  133  19:03  Supply Depot  
  133  19:07  Marine x4, Raven, Ghost  
  90  19:28  SCV x3  
  82  19:36  Marine x3, Marauder x2, Ghost  
  75  20:03  Marine, Marauder x2  
  43  20:38  Marauder x2  
  34  21:01  Marine  
  35  21:22  Orbital Command  
  35  22:01  Orbital Command  
Tags
 
Composition
MMM Bio
League
Gold
Matchup
PvT
Replay Pack
All Mines
Spawn Locations
Close Positions
Add a new tag
Caveats
  • Supply blocks, unpowered buildings, or Contaminate may cause inaccurate times.
  • Supply counts are checked every 10 seconds.